 Dungeon Crawl Stone Soup version 0.30-a0-930-gb9d0489357 (webtiles) character file.

Game seed: 6611991484228789109

13809 Dirian the Carver (level 11, -3/101 HPs)
             Began as a Minotaur Fighter on Mar 23, 2023.
             Was a Believer of Makhleb.
             Succumbed to a hornet's poison
             ... in a Gauntlet.
             The game lasted 00:40:56 (10635 turns).

Dirian the Carver (Minotaur Fighter)               Turns: 10635, Time: 00:40:57

Health: -3/101     AC: 21    Str: 24    XL:     11   Next: 80%
Magic:  14/14      EV:  7    Int:  5    God:    Makhleb [**....]
Gold:   1522       SH: 10    Dex: 11    Spells: 10/10 levels left

rFire   . . .      SeeInvis .    a - +3 scimitar (freeze)
rCold   . . .      Faith    .    n - +0 kite shield
rNeg    . . .      Spirit   .    j - +0 chain mail
rPois   .          Reflect  .    (helmet restricted)
rElec   .          Rampage  .    k - +0 cloak
rCorr   .          NoTele   +    g - +1 pair of gloves
Will    .....                    d - +0 pair of boots Stlth
                                 (no amulet)
HPRegen 0.36/turn                c - +4 ring of protection
MPRegen 0.14/turn                (no ring)

@: lethally poisoned (-3 -> -21), slowed, very slow
A: horns 2, retaliatory headbutt
a: Renounce Religion, Minor Destruction


You were in a Gauntlet.
You worshipped Makhleb.
Makhleb was pleased with you.
You visited 2 branches of the dungeon, and saw 12 of its levels.
You also visited: Bailey and Gauntlet.

You collected 1709 gold pieces.
You spent 187 gold pieces at shops.

Inventory:

Hand Weapons
 a - a +3 scimitar of freezing (weapon)
 b - a +0 scimitar of flaming
Missiles
 r - 4 throwing nets (quivered)
Armour
 d - a +0 pair of boots (worn)
 g - a +1 pair of gloves (worn)
 j - a +0 chain mail (worn)
 k - a +0 cloak (worn)
 l - the scarf of the Butcher {harm, rN++ rCorr Int+3 Dex-5}
   (You found it in a Gauntlet)

   Int:       It affects your intelligence (+3).
   Dex:       It affects your dexterity (-5).
   rN:        It greatly protects you from negative energy.
   rCorr:     It protects you from acid and corrosion.
 n - a +0 kite shield (worn)
Jewellery
 c - a +4 ring of protection (left hand)
 s - a ring of ice
Wands
 m - a wand of roots (6)
 p - a wand of flame (29)
 v - a wand of polymorph (12)
 y - a wand of mindburst (10)
 B - a wand of charming (6)
Scrolls
 e - 3 scrolls of enchant armour
 f - 3 scrolls of fog
 o - a scroll of brand weapon {unknown}
 t - 5 scrolls of teleportation
 u - 3 scrolls of silence
 z - a scroll of blinking
 A - 3 scrolls of butterflies
 C - a scroll of fear
Potions
 h - a potion of haste
 i - 3 potions of mutation
 q - 4 potions of magic
 w - 2 potions of heal wounds


   Skills:
 + Level 10.8 Fighting
 - Level 14.0 Long Blades
 + Level 11.5 Armour
 + Level 8.1 Shields
 * Level 6.5 Invocations


You had 10 spell levels left.
You didn't know any spells.
Your spell library contained the following spells:

 Spells                   Type           Power      Damage    Failure   Level
 Beastly Appendage        Tmut           0%         N/A       100%        1
 Freeze                   Ice            0%         1d3       100%        1
 Sting                    Tmut/Pois      0%         1d3       100%        1
 Summon Small Mammal      Summ           0%         N/A       100%        1
 Cigotuvi's Dreadful Rot  Necr/Pois/Air  0%         N/A       100%        2
 Poisonous Vapours        Pois/Air       0%         N/A       100%        2
 Sublimation of Blood     Necr           0%         N/A       100%        2
 Wereblood                Tmut           0%         N/A       100%        2
 Call Canine Familiar     Summ           0%         N/A       100%        3
 Frozen Ramparts          Ice            0%         1d1       100%        3
 Hailstorm                Conj/Ice       0%         3d3       100%        3
 Mephitic Cloud           Conj/Pois/Air  0%         N/A       100%        3
 Ozocubu's Armour         Ice            0%         N/A       100%        3
 Portal Projectile        Hex/Tloc       0%         N/A       100%        3
 Spider Form              Tmut/Pois      0%         N/A       100%        3
 Summon Guardian Golem    Hex/Summ       0%         N/A       100%        3
 Tukima's Dance           Hex            0%         N/A       100%        3
 Olgreb's Toxic Radiance  Pois           0%         N/A       100%        4
 Petrify                  Tmut/Erth      0%         N/A       100%        4
 Blade Hands              Tmut           0%         N/A       100%        5
 Irradiate                Conj/Tmut      0%         3d11      100%        5
 Metabolic Englaciation   Hex/Ice        0%         N/A       100%        5
 Simulacrum               Ice/Necr       0%         N/A       100%        6
 Malign Gateway           Summ/Tloc      0%         N/A       100%        7
 Summon Horrible Things   Summ           0%         N/A       100%        8


Dungeon Overview and Level Annotations

Branches:
Dungeon (11/15) Zot: 26921  Temple (1/1) D:7 Zot: 5907     Orc (0/2) D:9
 Bailey (visited)         Gauntlet (1/1) Zot: 5384
   Lair: D:8-11

Altars:
Ashenzari
Cheibriados
Dithmenos
Elyvilon
Fedhas
Gozag
Hepliaklqana
Kikubaaqudgha
Makhleb
Nemelex Xobeh
Okawaru
Qazlal
Ru
Sif Muna
Trog
Uskayaw
Vehumet
Wu Jian
Xom
Yredelemnul
Zin
The Shining One

Shops:
D:2 [   D:8 [

Annotations:
D:9 1 runed translucent door, bmj180's ghost, novice GrEE Gauntlet 4 transporters


Innate Abilities, Weirdness & Mutations

You have a pair of horns on your head.
You reflexively headbutt those who attack you in melee.


Message History

The hornet is moderately wounded.
You feel sick. The hornet barely misses you.
The hornet stings you but does no damage. x2
You hit the hornet. You freeze the hornet.
The hornet is moderately wounded.
You feel sick. You block the hornet's attack.
The hornet stings you but does no damage.
The hornet barely misses you.
The hornet stings you but does no damage.
You slash the hornet! You freeze the hornet. Your headbutt misses the hornet.
The hornet is heavily wounded.
You feel sick.
You are no longer poisoned.
You block the hornet's attack. The hornet closely misses you.
The hornet barely misses you. You block the hornet's attack.
You slash the hornet! You freeze the hornet. Your headbutt misses the hornet.
The hornet is almost dead.
The hornet stings you.
* * * LOW HITPOINT WARNING * * *
You are poisoned.
You suddenly lose the ability to move!
The hornet stings you.
* * * LOW HITPOINT WARNING * * *
You feel as though you will be slow longer.
The hornet stings you but does no damage.
The hornet stings you.
* * * LOW HITPOINT WARNING * * *
You feel as though you will be slow longer.
You can move again.
You miss the hornet.
You headbutt the hornet, but do no damage.
The hornet is almost dead.
You feel very sick.
The hornet stings you but does no damage. x4
The hornet stings you!
* * * LOW HITPOINT WARNING * * *
You are more poisoned.
You shrug off the repeated paralysis!
You closely miss the hornet. Your headbutt misses the hornet.
The hornet is almost dead.
You die...

. . # .## .# . .. ...... #. #.
#.##.# .##.##.##.##.###
..............≈# ##
8.8..©.@..8.8.8#### ### 8#
.......yy......≈##8# #8#
#################################
#≈............≈∩≈................
#................................
#..###########...###########...##
#..#..$!©=.x*#...#....©[...#.8.#.
#..#..##.##..#...#.#.#.#.#.#...#.
#..#.#.^#^.#.#...#..#.#.#..#####.


You could see a wretched star, 2 hornets and a small abomination.

Vanquished Creatures
  An orc warlord (Bailey)
  Harold (D:10)
  A two-headed ogre (D:9)
  A death scarab (Gauntlet)
  Erica (D:10)
  A spectral boulder beetle (Gauntlet)
  A cyclops (D:10)
  An ice statue (Gauntlet)
  Maggie (D:8)
  An unseen horror (D:10)
  A troll (D:11)
  A hornet (D:9)
  A wraith (D:9)
  17 yaks
  A wyvern (D:9)
  Eustachio (D:6)
  2 steam dragons
  Menkaure (D:7)
  2 wargs (D:9)
  An acid dragon (D:8)
  An ice beast (D:7)
  2 sky beasts (D:8)
  12 orc warriors
  4 black bears
  2 ogres
  2 centaurs (D:9)
  3 phantoms
  Blork the orc (D:5)
  2 kobold brigands
  2 bullfrogs
  A gnoll sergeant (D:5)
  2 scorpions
  A small abomination (Gauntlet)
  10 wights
  6 howler monkeys
  A jelly (D:8)
  5 hounds
  4 orc priests
  A sleepcap (D:6)
  4 gnoll boudas
  5 iguanas
  8 orc wizards
  Robin (D:4)
  25 gnolls
  4 adders
  A shadow imp (D:5)
  2 white imps
  2 ufetubi
  6 worms
  6 dart slugs
  22 orcs
  10 endoplasms
  4 giant cockroaches
  25 goblins
  22 hobgoblins
  5 jackals
  5 quokkas
  9 ball pythons
  5 bats
  2 frilled lizards
  20 kobolds
  9 rats
302 creatures vanquished.

Vanquished Creatures (collateral kills)
  2 small abominations (Gauntlet)
2 creatures vanquished.

Vanquished Creatures (others)
  5 fungi (Gauntlet)
  11 plants (Gauntlet)
16 creatures vanquished.

Grand Total: 320 creatures vanquished

Notes
Turn   | Place    | Note
-------+----------+-------------------------------------------
     0 | D:1      | Dirian the Minotaur Fighter began the quest for the Orb.
     0 | D:1      | Reached XP level 1. HP: 19/19 MP: 0/0
   285 | D:1      | Reached XP level 2. HP: 27/27 MP: 1/1
   382 | D:1      | Reached skill level 3 in Long Blades
   382 | D:1      | Reached XP level 3. HP: 21/33 MP: 2/2
  1092 | D:2      | Found Vouh's Antique Armour Boutique.
  1765 | D:3      | Reached XP level 4. HP: 40/40 MP: 3/3
  1839 | D:3      | Reached skill level 4 in Long Blades
  2262 | D:3      | Identified the +0 robe of Supple Strength {rC+ rCorr Int-5
                  | Dex+6}
  2600 | D:4      | Reached XP level 5. HP: 38/47 MP: 4/4
  2640 | D:4      | Noticed an ogre
  2648 | D:4      | Killed an ogre
  2649 | D:4      | Reached skill level 5 in Long Blades
  2649 | D:4      | Reached skill level 5 in Armour
  2746 | D:4      | Reached XP level 6. HP: 53/53 MP: 5/5
  2798 | D:4      | Noticed Robin
  2924 | D:4      | Killed Robin
  2977 | D:4      | Reached skill level 5 in Fighting
  2977 | D:4      | Reached skill level 6 in Long Blades
  3261 | D:5      | Entered Level 5 of the Dungeon
  3467 | D:5      | Reached XP level 7. HP: 42/61 MP: 6/6
  3556 | D:5      | HP: 3/61 [iguana (7)]
  3560 | D:5      | Reached skill level 7 in Long Blades
  3855 | D:5      | Noticed Blork the orc
  3935 | D:5      | Killed Blork the orc
  4247 | D:5      | Reached skill level 5 in Shields
  4357 | D:5      | Reached XP level 8. HP: 52/70 MP: 7/7
  4839 | D:6      | Reached skill level 8 in Long Blades
  4946 | D:6      | Noticed Eustachio
  4970 | D:6      | Killed Eustachio
  5206 | D:6      | Found a blossoming altar of Fedhas.
  5218 | D:6      | Reached skill level 9 in Long Blades
  5502 | D:6      | Reached XP level 9. HP: 79/79 MP: 8/8
  5928 | D:7      | Identified the +9 flail of Honesty {flame, Int+5}
  6016 | D:7      | Noticed Menkaure
  6022 | D:7      | Reached skill level 10 in Long Blades
  6025 | D:7      | Killed Menkaure
  6044 | D:7      | Found a staircase to the Ecumenical Temple.
  6053 | Temple   | Entered the Ecumenical Temple
  6134 | Temple   | Became a worshipper of Makhleb the Destroyer
  6566 | D:8      | Noticed Maggie
  6789 | D:8      | Reached skill level 1 in Invocations
  6899 | D:8      | Reached skill level 11 in Long Blades
  6904 | D:8      | Killed Maggie
  6904 | D:8      | Reached * piety under Makhleb
  6932 | D:8      | Found a flagged portal.
  6937 | Bailey   | Entered a bailey
  7279 | Bailey   | Reached XP level 10. HP: 88/88 MP: 10/10
  7416 | Bailey   | Noticed an orc warlord
  7683 | Bailey   | Killed an orc warlord
  7684 | Bailey   | Reached skill level 12 in Long Blades
  7730 | Bailey   | Reached skill level 10 in Armour
  7993 | D:8      | Found Kiywk's Antique Armour Boutique.
  8001 | D:8      | Bought a pair of runed gloves for 187 gold pieces
  8154 | D:8      | Found a basalt altar of Yredelemnul.
  8156 | D:8      | Noticed a profane servitor
  8164 | D:8      | Found a glowing golden altar of the Shining One.
  8166 | D:8      | Noticed an angel
  8292 | D:9      | Identified a scroll of acquirement
  8292 | D:9      | Acquired 1129 gold pieces
  8354 | D:9      | Reached ** piety under Makhleb
  8543 | D:9      | Found a staircase to the Orcish Mines.
  8578 | D:9      | Noticed a two-headed ogre
  8587 | D:9      | Killed a two-headed ogre
  8825 | D:9      | Found a glowing silver altar of Zin.
  8825 | D:9      | Found a shadowy altar of Dithmenos.
  8827 | D:9      | Found a snail-covered altar of Cheibriados.
  8930 | D:9      | Found a runed translucent door.
  8930 | D:9      | Noticed bmj180's ghost (novice GrEE)
  8970 | D:9      | Reached skill level 13 in Long Blades
  9024 | D:9      | Reached XP level 11. HP: 84/97 MP: 13/13
  9172 | D:10     | Entered Level 10 of the Dungeon
  9179 | D:10     | Reached skill level 5 in Invocations
  9280 | D:10     | Noticed Erica
  9289 | D:10     | Killed Erica
  9441 | D:10     | Reached *** piety under Makhleb
  9521 | D:10     | Reached skill level 10 in Fighting
  9581 | D:10     | Reached skill level 14 in Long Blades
  9621 | D:10     | Found an ornate altar of the Wu Jian Council.
  9621 | D:10     | Noticed Harold
  9630 | D:10     | Killed Harold
 10004 | D:11     | Found a gate leading to a gauntlet.
 10023 | Gauntlet | Entered a Gauntlet
 10023 | Gauntlet | Noticed a glowing orange brain
 10023 | Gauntlet | Noticed a glowing orange brain
 10023 | Gauntlet | Noticed a purple ugly thing
 10023 | Gauntlet | Found a transporter.
 10023 | Gauntlet | Found a transporter.
 10024 | Gauntlet | Found a transporter.
 10027 | Gauntlet | Found a transporter.
 10038 | Gauntlet | Found a transporter.
 10043 | Gauntlet | Noticed a death scarab
 10059 | Gauntlet | Found a transporter.
 10081 | Gauntlet | Found a transporter.
 10099 | Gauntlet | Found a transporter.
 10107 | Gauntlet | Found a transporter.
 10125 | Gauntlet | Found a transporter.
 10128 | Gauntlet | Noticed a large abomination
 10169 | Gauntlet | Found a transporter.
 10177 | Gauntlet | Found a transporter.
 10185 | Gauntlet | Noticed a wretched star
 10570 | Gauntlet | Identified the scarf of the Butcher {harm, rN++ rCorr Int+3
                  | Dex-5}
 10591 | Gauntlet | Killed a death scarab
 10633 | Gauntlet | Paralysed by a hornet for 1 turns
 10634 | Gauntlet | HP: 2/101 [hornet (12)]
 10635 | Gauntlet | Succumbed to a hornet's poison

Illustrated notes

Levels and vault maps discovered:
D:1:      dpeg_arrival_brainrot, layout_basic, serial_bayou_pond_d
D:2:      layout_basic, serial_shops, nicolae_shop_hallway_plus
D:3:      layout_loops_cross
D:4:      minmay_bubble_buster, layout_rooms, serial_bayou_ford_a, uniq_robin
D:5:      layout_basic, uniq_blork_the_orc
D:6:      layout_basic, mainiacjoe_overflow_tiny_flanked, lemuel_flamethrower_1,
          uniq_eustachio
D:7:      layout_rooms, minmay_temple_entry_poolview, uniq_menkaure
D:8:      nicolae_hitomezashi [nicolae_hito_row, nicolae_hito_row,
          nicolae_hito_row, nicolae_hito_row, nicolae_hito_row,
          nicolae_hito_row, nicolae_hito_row, nicolae_hito_row,
          nicolae_hito_row, nicolae_hito_row, nicolae_hito_row,
          nicolae_hito_row, nicolae_hito_row, nicolae_hito_row,
          nicolae_hito_row, nicolae_hito_row, nicolae_hito_row,
          nicolae_hito_row], layout_basic, grunt_temple_overflow_holy_war,
          serial_shops, nicolae_shop_advertising_works
          [nicolae_subvault_shop_adworks], enter_bailey_3,
          kennysheep_generic_room_11, uniq_maggie
D:9:      layout_roguey, nicolae_overflow_hidden_temple,
          minmay_orc_entry_guard_dogs, ebering_ghost_inner_flame,
          wad_floor_pattern_untrapped
D:10:     layout_loops_cross, kennysheep_little_box, hive_lemuel, uniq_erica,
          uniq_harold
D:11:     layout_grid_maze, lair_entry_dummy, gauntlet_entry_generic,
          chequers_serial_rivers_small_a
Temple:   hellmonk_temple_of_storms
Gauntlet: gammafunk_gauntlet_shortcut [gammafunk_gauntlet_arena_split_x,
          nicolae_gauntlet_arena_quarters, gammafunk_gauntlet_arena_hedges,
          gammafunk_gauntlet_arena_teeth,
          gammafunk_gauntlet_arena_split_diamond, gammafunk_gauntlet_arena_grid,
          gauntlet_exit_green]

Skill      XL: |  1  2  3  4  5  6  7  8  9 10 11 |
---------------+----------------------------------+-----
Armour         | 4 5 7 8 9 10 11 | 11.5
Fighting       | 4 5 7 8 9 10 | 10.8
Shields        | 4 5 6 7 8 |  8.1
Long Blades    | 3 4 5 6 7 9 11 13 14 | 14.0
Invocations    | 2 4 6 |  6.5

Action                     |  1- 3 |  4- 6 |  7- 9 | 10-12 || total
---------------------------+-------+-------+-------+-------++-------
  Melee: Long sword        |    92 |   172 |   223 |       ||   487
         Headbutt          |    13 |    34 |    82 |    70 ||   199
         Scimitar          |       |       |   175 |   327 ||   502
 Invoke: Minor Destruction |       |       |       |     3 ||     3
         Lesser Servant of |       |       |       |     4 ||     4
    Use: Potion            |     1 |       |     3 |     8 ||    12
         Scroll            |       |     5 |     8 |     9 ||    22
   Stab: Invisible         |       |       |       |     3 ||     3
 Armour: Scale mail        |    66 |    61 |    34 |       ||   161
         Chain mail        |       |       |   158 |   131 ||   289
  Dodge: Dodged            |    43 |    76 |   115 |    66 ||   300
  Block: Buckler           |    24 |    35 |    85 |    29 ||   173
         Kite shield       |       |       |       |    50 ||    50

Table legend: (Time is in decaauts)
 A = Elapsed time spent in this place.
 B = Non-inter-level travel time spent in this place.
 C = Inter-level travel time spent in this place.
 D = Time resting spent in this place.
 E = Time spent auto-exploring this place.
 F = Levels seen in this place.
 G = Mean time per level.
                   A        B        C        D        E       F      G
               +--------+--------+--------+--------+--------+-----+--------+
         Total |  10613 |  10148 |    465 |    910 |   4677 |  14 |  758.1 |
       Dungeon |   9002 |   8547 |    455 |    353 |   4359 |  11 |  818.4 |
        Temple |     92 |     82 |     10 |      0 |     54 |   1 |   92.0 |
        Bailey |    902 |    902 |      0 |    355 |    114 |   1 |  902.0 |
      Gauntlet |    615 |    615 |      0 |    202 |    150 |   1 |  615.0 |
               +--------+--------+--------+--------+--------+-----+--------+

Top non-repeatable levels by time:
     D:5: 1374 daAuts
     D:1: 1044 daAuts
     D:6: 958 daAuts
     D:9: 930 daAuts
     D:4: 915 daAuts
  Bailey: 902 daAuts
     D:3: 839 daAuts
    D:10: 755 daAuts
     D:7: 729 daAuts
     D:2: 713 daAuts
     D:8: 661 daAuts
Gauntlet: 615 daAuts
  Temple: 92 daAuts
    D:11: 79 daAuts
